Map: [EWC] Dynasty

Players

Dark - Winner!

  • Race: Zerg Zerg
  • Spawn Location: 7:00

HeroMarine

  • Race: Terran Terran
  • Spawn Location: 1:00

Event: Esports World Cup 2024

VOD

Have the link to the VOD?

Description

Time

  • Played on: Aug. 14, 2024, 9:46 a.m.
  • Length: 10:25

All games in this series

Show
View Real Time Build Order
Export as new Build Order

Dark Zerg - Winner!

Build Orders: Hatch First, Roach Hydra 

Get SALT Encoding   

  12  0:00  Drone  
  13  0:12  Overlord  
  13  0:16  Drone  
  14  0:30  Drone x2  
  16  0:46  Hatchery  
  15  0:50  Drone  
  15  0:53  Drone  
  17  0:57  Drone  
  18  1:11  Spawning Pool  
  17  1:15  Drone  
  17  1:16  Drone  
  19  1:29  Drone  
  20  1:41  Hatchery  
  20  1:44  Drone  
  20  1:51  Drone  
  21  1:59  Queen  
  23  2:03  Queen  
  23  2:05  Drone  
  26  2:09  Drone  
  26  2:13  Overlord  
  26  2:15  Drone  
  28  2:30  Overlord  
  28  2:31  Drone x2  
  28  2:35  Queen  
  32  2:40  Drone  
  32  2:42  Queen  
  35  2:46  Overlord  
  35  2:49  Drone  
  36  2:53  Drone  
  36  2:55  Extractor  
  36  2:56  Queen  
  38  3:02  Drone  
  38  3:03  Drone x2  
  38  3:04  Drone  
  42  3:07  Drone  
  42  3:10  Drone  
  44  3:13  Drone x2  
  46  3:20  Drone x4  
  50  3:27  Drone  
  50  3:28  Roach Warren  
  50  3:29  Extractor  
  50  3:30  Drone  
  50  3:31  Extractor  
  50  3:32  Drone  
  50  3:37  Drone x2  
  50  3:38  Drone  
  53  3:46  Overlord  
  53  3:48  Overlord  
  53  3:49  Drone x3  
  56  3:57  Burrow  
  56  3:58  Overlord  
  56  4:02  Drone x2  
  58  4:08  Roach x3  
  64  4:13  Roach x2  
  64  4:16  Roach  
  70  4:17  Drone  
  70  4:18  Drone  
  70  4:19  Drone x2  
  74  4:25  Roach x2  
  74  4:26  Drone x2  
  74  4:27  Drone, Extractor  
  74  4:31  Overlord  
  80  4:32  Overlord  
  80  4:34  Drone x2  
  82  4:38  Lair  
  82  4:50  Roach  
  82  4:51  Roach x4  
  92  4:55  Roach  
  92  4:57  Roach  
  92  4:59  Roach  
  98  5:02  Roach x3  
  96  5:08  Overlord, Roach  
  96  5:11  Overlord  
  96  5:12  Ravager  
  96  5:13  Overlord  
  90  5:23  Roach x3  
  90  5:24  Extractor  
  90  5:25  Extractor  
  90  5:28  Roach x5  
  104  5:29  Overlord, Evolution Chamber  
  104  5:31  Evolution Chamber  
  102  5:38  Glial Reconstitution  
  102  5:40  Overlord  
  102  5:44  Overlord  
  102  5:45  Roach x2  
  102  5:46  Roach  
  102  5:47  Drone  
  109  5:53  Roach  
  111  5:58  Zerg Missile Weapons Level 1  
  111  6:00  Drone x2  
  111  6:01  Hatchery  
  112  6:07  Drone x2, Zerg Ground Armor Level 1  
  112  6:10  Roach x2  
  118  6:12  Ravager  
  118  6:15  Roach  
  118  6:16  Roach  
  118  6:17  Roach  
  125  6:22  Roach x2  
  129  6:28  Drone x3  
  132  6:34  Roach x3  
  138  6:41  Overlord  
  138  6:43  Queen  
  138  6:53  Roach  
  136  6:55  Drone x2  
  136  6:57  Roach  
  136  6:59  Hatchery  
  138  7:02  Hatchery  
  138  7:05  Drone x2  
  138  7:06  Drone  
  138  7:07  Drone x4, Infestation Pit  
  138  7:08  Drone  
  144  7:09  Drone  
  144  7:10  Hydralisk Den, Drone  
  140  7:24  Overlord x2  
  140  7:26  Metabolic Boost  
  144  7:30  Roach x3  
  144  7:34  Overlord  
  144  7:35  Overlord  
  146  7:39  Overlord  
  146  7:43  Grooved Spines  
  146  7:44  Hive  
  146  7:45  Roach  
  146  7:46  Ravager  
  146  7:47  Ravager  
  150  7:53  Ravager  
  150  7:54  Ravager  
  150  7:55  Roach x4  
  150  7:56  Roach  
  150  7:58  Roach  
  164  8:03  Zerg Missile Weapons Level 2  
  164  8:05  Zerg Ground Armor Level 2  
  164  8:08  Zergling x4  
  164  8:17  Zergling x16  
  172  8:20  Ravager x3  
  175  8:29  Roach x4  
  175  8:30  Overlord x2  
  175  8:33  Muscular Augments  
  175  8:40  Drone x3  
  175  8:46  Hydralisk  
  175  8:47  Hydralisk x7  
  175  9:02  Hydralisk  
  175  9:03  Hydralisk x8  
  175  9:08  Overlord  
  188  9:14  Hydralisk x3  
  188  9:15  Hydralisk  
  188  9:17  Zergling x8  
  194  9:22  Ravager  
  194  9:23  Overlord  
  197  9:30  Roach x7  
  185  9:33  Roach x4  
  185  9:35  Roach x3  
  184  9:40  Roach x2  
  184  9:41  Roach  
  184  9:42  Roach x2  
  184  9:44  Roach  
  171  9:50  Hydralisk x2  
  171  9:52  Zergling x16, Roach x2  
  159  9:59  Roach  
  161  10:00  Roach x4  
  161  10:01  Roach  
  161  10:02  Roach  
Show
View Real Time Build Order
Export as new Build Order

HeroMarine Terran 

Build Orders: Command Center First 

Get SALT Encoding   

  12  0:00  SCV  
  13  0:12  SCV  
  14  0:17  Supply Depot  
  14  0:24  SCV  
  15  0:39  SCV  
  16  0:51  SCV  
  17  0:58  Command Center  
  17  1:03  SCV  
  18  1:12  Barracks  
  18  1:15  SCV  
  19  1:20  Refinery  
  19  1:27  SCV  
  20  1:34  Barracks  
  20  1:39  SCV  
  21  1:45  Refinery  
  21  1:52  SCV  
  22  2:02  Barracks Reactor  
  22  2:04  Orbital Command  
  22  2:12  Orbital Command  
  22  2:21  Barracks Tech Lab  
  22  2:29  Factory  
  23  2:30  SCV  
  23  2:39  Marine x3  
  23  2:40  SCV  
  23  2:43  SCV  
  28  2:47  Stimpack  
  28  2:52  SCV  
  28  2:55  SCV  
  28  2:57  Supply Depot, Marine  
  31  2:59  Marine  
  31  3:01  Marine  
  31  3:04  SCV  
  34  3:07  SCV  
  35  3:14  Starport  
  35  3:15  Factory Reactor  
  35  3:16  SCV  
  35  3:19  SCV  
  37  3:20  Marine x2  
  37  3:21  Marine  
  37  3:26  Supply Depot  
  40  3:28  SCV  
  40  3:31  SCV  
  40  3:32  Supply Depot  
  42  3:36  Refinery  
  42  3:40  SCV, Marine  
  42  3:41  Marine  
  45  3:43  Marine  
  45  3:48  SCV  
  47  3:50  Supply Depot  
  47  3:52  SCV  
  48  3:57  Medivac  
  48  3:58  Medivac  
  48  3:59  Factory Tech Lab  
  48  4:00  SCV, Marine  
  48  4:01  Marine  
  48  4:02  Marine  
  55  4:05  SCV  
  57  4:12  Supply Depot, SCV  
  57  4:17  SCV  
  59  4:18  Marine  
  59  4:19  Marine  
  59  4:20  Marine  
  62  4:26  Combat Shield  
  62  4:28  Command Center  
  63  4:31  SCV x2  
  63  4:34  Siege Tank  
  67  4:39  Supply Depot, Marine x2  
  67  4:40  Marine  
  70  4:45  SCV  
  70  4:46  SCV  
  72  4:55  Engineering Bay  
  72  4:56  Engineering Bay  
  72  4:58  SCV x2, Marine x2  
  72  4:59  Marine  
  77  5:06  Siege Tank  
  79  5:10  SCV x2  
  79  5:16  Marine x3  
  79  5:18  Medivac x2  
  83  5:22  SCV x2  
  83  5:25  Terran Infantry Armor Level 1  
  85  5:30  Barracks  
  85  5:31  Barracks  
  85  5:33  Barracks  
  85  5:34  Marine x2  
  86  5:38  Supply Depot  
  86  5:39  SCV x2, Marine  
  86  5:40  Terran Infantry Weapons Level 1  
  89  5:46  Bunker  
  89  5:48  Siege Tank  
  93  5:50  Orbital Command  
  93  5:51  SCV x2  
  93  5:52  Marine  
  93  5:54  Marine  
  96  5:57  Marine  
  96  6:03  SCV x2  
  99  6:07  Orbital Command  
  99  6:09  Marine  
  99  6:10  Supply Depot  
  100  6:12  Marine  
  100  6:15  Marauder  
  100  6:16  SCV x2  
  105  6:18  Barracks Reactor  
  105  6:19  Barracks Reactor  
  105  6:20  Missile Turret, Barracks Reactor  
  105  6:27  Marine, Barracks  
  105  6:28  Barracks  
  105  6:29  Siege Tank  
  105  6:32  SCV  
  110  6:33  SCV, Barracks  
  110  6:41  Marine  
  110  6:42  SCV, Marauder  
  110  6:44  SCV  
  110  6:45  Marine  
  117  6:47  SCV, Refinery x2  
  114  6:54  SCV  
  114  6:55  Marine x2  
  114  6:57  SCV  
  114  6:59  SCV, Marine  
  114  7:00  Armory  
  116  7:06  SCV  
  117  7:10  Supply Depot  
  117  7:16  Marine  
  117  7:21  Supply Depot x2  
  117  7:22  Marine x5, Medivac  
  125  7:23  Supply Depot, Marauder  
  125  7:26  Marine  
  125  7:31  Siege Tank, Marine x3  
  125  7:32  Supply Depot x2  
  125  7:33  Medivac  
  133  7:39  Marine x3  
  133  7:40  Marine  
  133  7:41  Marine x2  
  133  7:43  Supply Depot  
  133  7:44  Supply Depot, Marauder  
  141  7:48  Terran Infantry Armor Level 2, Terran Infantry Weapons Level 2  
  141  7:53  Marine x4  
  141  7:54  Marine  
  141  7:57  Marine x2  
  148  7:58  Marine x2  
  148  8:03  Siege Tank  
  153  8:07  Marine x2  
  153  8:10  Marine  
  153  8:11  Marine x3  
  159  8:12  Marine  
  159  8:14  Supply Depot, Terran Vehicle Weapons Level 1  
  159  8:15  Marine  
  159  8:19  Medivac  
  163  8:26  Marine  
  163  8:27  Marine x5  
  164  8:29  Marauder  
  164  8:30  Medivac  
  164  8:33  Marine x2  
  175  8:35  Siege Tank  
  175  8:38  Marine x2  
  179  8:47  Marine x3  
  179  8:48  Marine x4  
  178  8:51  Marine  
  178  8:52  Marine x2  
  178  8:54  SCV x2  
  182  8:55  SCV  
  182  8:56  Marine x2  
  182  9:02  Medivac x2  
  186  9:07  Siege Tank, Marine x2  
  186  9:08  Marine x3  
  186  9:09  Marine  
  194  9:11  Marine  
  191  9:20  Marine x2  
  191  9:22  Marine  
  193  9:24  Marine  
  193  9:25  Marine  
  193  9:28  Marine x2  
  177  9:32  Marine x3, Medivac x2  
  176  9:40  Marine x2  
  176  9:41  Marine x2  
  176  9:43  Marine  
  176  9:44  Marine x2  
  154  9:46  Marine x2  
  154  9:50  Marine x3  
  154  9:52  Siege Tank  
  140  9:58  Marine x2  
  140  9:59  Marine x2  
  135  10:01  Marine  
  135  10:02  Marine  
  135  10:03  Marine  
  135  10:04  Marine x2  
Tags
 
Add a new tag
Caveats
  • Supply blocks, unpowered buildings, or Contaminate may cause inaccurate times.
  • Supply counts are checked every 10 seconds.